 Dungeon Crawl Stone Soup version 0.22.0-49-gab54619674 (webtiles) character file.

584 Azzok the Digger (level 7, 0/41 HPs)
             Began as an Octopode Earth Elementalist on Sept 9, 2018.
             Slain by Pikel
             ... wielding a +2 whip of flaming
              (2 damage)
             ... on level 5 of the Dungeon.
             The game lasted 00:06:55 (5253 turns).

Azzok the Digger (Octopode Earth Elementalist)      Turns: 5253, Time: 00:06:56

Health: 0/41       AC:  1    Str:  7    XL:     7   Next: 37%
Magic:  6/14       EV: 13    Int: 20    God:
Gold:   257        SH:  0    Dex: 12    Spells: 11/15 levels left

rFire    . . .     SeeInvis .   (no weapon)
rCold    . . .     Gourm    .   (no shield)
rNeg     + . .     Faith    .   (helmet restricted)
rPois    .         Spirit   .   (no amulet)
rElec    .         Reflect  .   a - ring of positive energy
rCorr    .         Harm     .   o - ring of protection from magic
MR       +....                  (no ring)
Stlth    +++.......             (no ring)
HPRegen  0.13/turn              (no ring)
MPRegen  0.14/turn              (no ring)
                                (no ring)
                                (no ring)

@: no status effects
A: almost no armour, stealthy swim, amphibious, 8 rings, constrict 8, camouflage
1, gelatinous body 1
a: no special abilities


You were on level 5 of the Dungeon.
You were not hungry.

You visited 1 branch of the dungeon, and saw 5 of its levels.

You collected 257 gold pieces.

Inventory:

Missiles
 b - 47 stones (quivered)
Jewellery
 a - a ring of positive energy (left tentacle)
 n - an uncursed amulet of magic regeneration {unknown}
 o - a ring of protection from magic (right tentacle)
Wands
 t - a wand of acid (4)
Scrolls
 d - 10 scrolls of identify {unknown}
 f - 5 scrolls of remove curse {unknown}
 g - 4 scrolls of teleportation {unknown}
 i - a scroll of magic mapping {unknown}
 m - a scroll of amnesia {unknown}
 p - a scroll of immolation {unknown}
 q - a scroll of fog {unknown}
 r - a scroll of blinking {unknown}
Potions
 e - a potion of resistance {unknown}
 h - a potion of degeneration {unknown}
 j - 3 potions of cancellation {unknown}
 k - 3 potions of heal wounds {unknown}
 l - a potion of flight {unknown}
Comestibles
 c - 6 rations
 s - 3 chunks of flesh


   Skills:
 - Level 2.0 Dodging
 - Level 3.0 Stealth
 + Level 4.6 Spellcasting
 + Level 3.4 Conjurations
   Level 1.0 Transmutations
 + Level 5.5 Earth Magic


You had 11 spell levels left.
You knew the following spells:

 Your Spells              Type           Power        Failure   Level  Hunger
a - Sandblast             Erth           ####..       1%          1    None
b - Stone Arrow           Conj/Erth      ###...       5%          3    ##.....

Your spell library contained the following spells:

 Spells                   Type           Power        Failure   Level  Hunger
 Passwall                 Tmut/Erth      ###.....     4%          2    #......
 Petrify                  Tmut/Erth      ###.....     30%         4    ####...
 Lee's Rapid Deconstruct  Erth           ####......   34%         5    ######.


Dungeon Overview and Level Annotations

Branches:
Dungeon (5/15)
 Temple: D:4-7

Altars:
Fedhas
Gozag
Nemelex Xobeh
Okawaru
Qazlal
Uskayaw
Xom
Yredelemnul

Annotations:
D:5 Pikel


Innate Abilities, Weirdness & Mutations

You cannot wear most types of armour.
You are very stealthy in the water. (Stealth+)
You are amphibious.
You can wear up to eight rings at the same time.
You can use your tentacles to constrict eight enemies at once.
Your skin changes colour to match your surroundings (Stealth+).
Your rubbery body absorbs attacks. (AC +1, EV +1)


Message History

Casting: Sandblast (safe; 1% risk of failure)
Confirm with . or Enter, or press ? or * to list all spells.
Aiming: Sandblast (safe; 1% risk of failure)
Press: ? - help, Shift-Dir - straight line, f/p - Pikel
Aim: Pikel, wielding a whip of flaming and wearing a robe (heavily wounded)
The blast of sand hits Pikel.
Pikel is heavily wounded.
b - 47 stones
* * * LOW MAGIC WARNING * * *
Pikel hits you with a whip of flaming!
* * * LOW HITPOINT WARNING * * *
Pikel burns you.
* * * LOW HITPOINT WARNING * * *
Your magical contamination has completely faded away.
Pikel says, "Why not give up?
You'll get fed.
Maybe."
There is a stone staircase leading up here.
Pikel hits you with a whip of flaming!
* * * LOW HITPOINT WARNING * * *
Pikel burns you.
You die...

▒▒▒▒▒▒ ▒·p··▒ ▒·▒▒·▒
▒▒▒▒▒▒ ▒·▒▒·▒ ·····▒
▒K▒▒p▒ ·····▒ ▒@▒▒p▒
·····▒ ▒▒▒▒·▒ ·····▒
▒·▒ ·····▒ ▒·▒ p····▒
▒·▒ ·····▒ ▒·▒ ··)K·▒
▒·▒ ·····▒ ▒·▒
·····▒▒▒▒▒▒▒▒▒▒▒▒▒▒·▒


You could see Pikel and a slave.

Vanquished Creatures
  Eustachio (D:5)
  A slave (D:5)
  An ogre (D:4)
  A phantom (D:4)
  An orc priest (D:4)
  Natasha (twice) (D:3)
  An iguana (D:4)
  4 adders
  A shadow imp (D:5)
  3 oozes
  2 worms
  4 dart slugs
  6 leopard geckos
  13 orcs
  7 bats
  4 giant cockroaches
  8 goblins
  11 hobgoblins
  3 quokkas
  2 ball pythons
  5 frilled lizards
  7 kobolds
  A quokka zombie (D:5)
  5 rats
94 creatures vanquished.

Notes
Turn   | Place    | Note
-------+----------+-------------------------------------------
     0 | D:1      | Azzok the Octopode Earth Elementalist began the quest for
                  | the Orb.
     0 | D:1      | Reached XP level 1. HP: 11/11 MP: 3/3
   141 | D:1      | Reached XP level 2. HP: 17/17 MP: 0/5
   458 | D:1      | Reached XP level 3. HP: 21/21 MP: 1/6
  1518 | D:2      | Reached XP level 4. HP: 27/27 MP: 8/8
  1569 | D:2      | Reached skill level 4 in Earth Magic
  1797 | D:2      | Found a hazy altar of Hepliaklqana.
  1799 | D:2      | Found a hide-covered altar of Uskayaw.
  1799 | D:2      | Found a blossoming altar of Fedhas.
  1801 | D:2      | Found a stormy altar of Qazlal.
  1801 | D:2      | Found a shimmering altar of Xom.
  1801 | D:2      | Found a blossoming altar of Fedhas.
  2151 | D:2      | Learned a level 3 spell: Stone Arrow
  2182 | D:3      | Found an iron altar of Okawaru.
  2510 | D:3      | Reached XP level 5. HP: 28/31 MP: 2/10
  2666 | D:3      | Found a stormy altar of Qazlal.
  2725 | D:3      | Found a basalt altar of Yredelemnul.
  2805 | D:3      | Found a faded altar of an unknown god.
  2979 | D:3      | Noticed Natasha
  2982 | D:3      | Killed Natasha
  2982 | D:3      | Reached skill level 1 in Conjurations
  3040 | D:3      | Noticed Natasha
  3046 | D:3      | Killed Natasha
  3531 | D:3      | Found a sparkling altar of Nemelex Xobeh.
  3618 | D:4      | Found an opulent altar of Gozag.
  3934 | D:4      | Reached XP level 6. HP: 36/36 MP: 4/11
  4044 | D:4      | Noticed a phantom
  4048 | D:4      | Killed a phantom
  4293 | D:4      | Reached skill level 5 in Earth Magic
  4599 | D:5      | Entered Level 5 of the Dungeon
  4745 | D:5      | Noticed Eustachio
  4869 | D:5      | Killed Eustachio
  4869 | D:5      | Reached XP level 7. HP: 41/41 MP: 3/13
  5019 | D:5      | Noticed Pikel
  5253 | D:5      | HP: 2/41 [Pikel/whip of flaming (10)]
  5253 | D:5      | Slain by Pikel

Skill      XL: |  1  2  3  4  5  6 |
---------------+-------------------+-----
Stealth        | 3 |  3.0
Spellcasting   | 3 4 |  4.6
Earth Magic    | 4 5 |  5.5
Conjurations   | 1 3 |  3.4
Dodging        | |  2.0
Transmutations | |  1.0

Action                   |  1- 3 |  4- 6 |  7- 9 || total
-------------------------+-------+-------+-------++-------
Melee: Unarmed           |    19 |    28 |       ||    47
       Constrict         |     8 |     6 |       ||    14
       Tentacles         |     6 |     3 |       ||     9
 Cast: Sandblast         |    46 |    25 |     7 ||    78
       Stone Arrow       |       |    50 |    11 ||    61
 Stab: Sleeping          |     1 |       |       ||     1
  Eat: Chunk             |     2 |    14 |     2 ||    18
Armor: Skin              |     2 |     1 |       ||     3
Dodge: Dodged            |    24 |    29 |       ||    53
